 Dungeon Crawl Stone Soup version 0.28-a0-1374-ga75cb3825e (webtiles) character file.

Game seed: 14468402588456345514

305 funkygono the Magician (level 6, -1/32 HPs)
             Began as a Deep Elf Fire Elementalist on Dec 31, 2021.
             Slain by an ogre (15 damage)
             ... on level 2 of the Dungeon.
             The game lasted 00:07:16 (2916 turns).

funkygono the Magician (Deep Elf Fire Elementalist) Turns: 2916, Time: 00:07:17

Health: -1/32      AC:  4    Str:  5    XL:     6   Next: 16%
Magic:  10/16      EV: 12    Int: 22    God:
Gold:   96         SH:  0    Dex: 15    Spells: 10/16 levels left

rFire   . . .      SeeInvis +   c - +2 dagger (protect)
rCold   . . .      Faith    .   l - orb {light}
rNeg    . . .      Spirit   .   a - +0 robe
rPois   .          Reflect  .   d - +0 helmet
rElec   .          Harm     .   (no cloak)
rCorr   .          Rampage  .   (no gloves)
Will    .....                   h - +0 pair of boots
Stlth   +.........              (no amulet)
HPRegen 0.10/turn               e - ring of see invisible
MPRegen 0.15/turn               (no ring)

@: glowing
A: no striking features
a: no special abilities


You were on level 2 of the Dungeon.
You visited 1 branch of the dungeon, and saw 3 of its levels.

You collected 96 gold pieces.

Inventory:

Hand Weapons
 c - a +2 dagger of protection (weapon)
 j - a +0 quick blade
Missiles
 f - 52 stones
Armour
 a - a +0 robe (worn)
 d - a +0 helmet (worn)
 h - a +0 pair of boots (worn)
 l - an orb of light (worn)
Jewellery
 e - a ring of see invisible (left hand)
Wands
 i - a wand of iceblast (7)
Scrolls
 k - 2 scrolls of identify {unknown}
Potions
 b - a potion of brilliance {unknown}
 g - 2 potions of ambrosia {unknown}
 m - a potion of haste {unknown}
 n - a potion of heal wounds {unknown}


   Skills:
 + Level 2.6 Dodging
 - Level 2.4 Stealth
 * Level 5.6 Spellcasting
 * Level 3.5 Conjurations
 * Level 5.3 Fire Magic


You had 10 spell levels left.
You knew the following spells:

 Your Spells              Type           Power      Damage    Failure   Level
a - Foxfire               Conj/Fire      100%       2x1d9     1%          1
b - Scorch                Fire           58%        2d7       1%          2
c - Conjure Flame         Conj/Fire      25%        6-21      4%          3

Your spell library contained the following spells:

 Spells                   Type           Power      Damage    Failure   Level
 Inner Flame              Hex/Fire       17%        N/A       10%         3
 Flame Wave               Conj/Fire      25%        2d6       16%         4


Dungeon Overview and Level Annotations

Branches:
Dungeon (3/15)

Altars:

Shops:
D:2 :


Message History

The ogre misses you. The orc hits you but does no damage.
Unknown command.
Your foxfire dissipates!
The foxfire hits the ogre.
The ogre is heavily wounded.
Casting: Foxfire (safe; 1% risk of failure)
Confirm with . or Enter, or press ? or * to list all spells.
You conjure some foxfire!
The gnoll hits you with a +0 flail!
Unknown command.
Casting: Foxfire (safe; 1% risk of failure)
Confirm with . or Enter, or press ? or * to list all spells.
Flames lash the gnoll.
You kill the gnoll!
Unknown command.
Your foxfire dissipates!
Casting: Scorch (safe; 1% risk of failure)
Confirm with . or Enter, or press ? or * to list all spells.
You conjure some foxfire!
The ogre hits you with a +0 giant club!
Sorry, you're not good enough to have a special ability.
Unknown command.
Your foxfire dissipates!
The foxfire hits the ogre.
The ogre is heavily wounded.
Casting: Foxfire (safe; 1% risk of failure)
Confirm with . or Enter, or press ? or * to list all spells.
You conjure some foxfire!
The ogre misses you.
Your foxfire dissipates!
The foxfire hits the ogre!
The ogre is severely wounded.
Okay, then.
There is a stone staircase leading down here.
There is a stone staircase leading up here.
The ogre barely misses you.
You climb upwards.
There is a stone staircase leading down here.
Unknown command.
Casting: Foxfire (safe; 1% risk of failure)
Confirm with . or Enter, or press ? or * to list all spells.
You conjure some foxfire!
The ogre hits you with a +0 giant club!
You die...

###### #....#
#....###.##.###################
#.#...##.##.##........)....†...
#.###.##..#.....#####.#########
#...........##..#####.#
#####.#.........##....#
#.#.##.###..###(###
#..<...#...v#...###########
###....#.#@v...............
#...#.#.#O##.#############
#.###...#....# #.........####
###### ########### #.....
#..... #..... #..... #.....


You could see an ogre (ally target).

Vanquished Creatures
  A howler monkey (D:3)
  A hound (D:3)
  Jessica (D:3)
  Natasha (twice) (D:3)
  Terence (D:3)
  5 gnolls
  2 adders (D:2)
  A worm (D:3)
  A dart slug (D:3)
  6 orcs (D:3)
  6 bats
  4 endoplasms
  2 giant cockroaches
  3 hobgoblins
  12 jackals (D:3)
  3 ball pythons
  6 frilled lizards
  4 goblins
  3 kobolds
  5 rats
69 creatures vanquished.

Vanquished Creatures (collateral kills)
  A foxfire (D:3)
1 creature vanquished.

Vanquished Creatures (others)
  224 foxfires
  2 fungi (D:3)
  4 plants (D:3)
230 creatures vanquished.

Grand Total: 300 creatures vanquished

Notes
Turn   | Place    | Note
-------+----------+-------------------------------------------
     0 | D:1      | funkygono the Deep Elf Fire Elementalist began the quest
                  | for the Orb.
     0 | D:1      | Reached XP level 1. HP: 10/10 MP: 6/6
   135 | D:1      | Reached XP level 2. HP: 15/15 MP: 5/8
   145 | D:1      | Learned a level 2 spell: Scorch
   552 | D:1      | Reached XP level 3. HP: 19/19 MP: 6/9
   556 | D:1      | Learned a level 3 spell: Conjure Flame
  1088 | D:2      | Found Pukloori's Book Shop.
  1478 | D:3      | Reached XP level 4. HP: 24/24 MP: 3/11
  1725 | D:3      | Found a faded altar of an unknown god.
  1844 | D:3      | Noticed Terence
  1852 | D:3      | Killed Terence
  2292 | D:3      | Noticed Natasha
  2295 | D:3      | Reached XP level 5. HP: 28/28 MP: 10/14
  2298 | D:3      | Killed Natasha
  2299 | D:3      | Reached skill level 5 in Spellcasting
  2299 | D:3      | Reached skill level 5 in Fire Magic
  2466 | D:3      | Noticed Natasha
  2471 | D:3      | Killed Natasha
  2505 | D:3      | Noticed Jessica
  2508 | D:3      | Killed Jessica
  2509 | D:3      | Reached XP level 6. HP: 32/32 MP: 12/16
  2916 | D:2      | Slain by an ogre

Illustrated notes

Levels and vault maps discovered:
D:1:      sevenhm_arrival_forest_fort_large_2, layout_rooms, minivault_14
D:2:      layout_basic, serial_shops, shop_statue
D:3:      lemuel_castle_with_subvaults [lemuel_castle_interior_carwin_3],
          layout_rooms, dreamdust_ecumenical_altar_statues, uniq_jessica,
          uniq_terence, uniq_natasha

Skill      XL: |  1  2  3  4  5 |
---------------+----------------+-----
Fire Magic     | 4 5 |  5.3
Conjurations   | 2 3 |  3.5
Spellcasting   | 4 5 |  5.6
Dodging        | |  2.6
Stealth        | |  2.4

Action                   |  1- 3 |  4- 6 || total
-------------------------+-------+-------++-------
Melee: Dagger            |       |    11 ||    11
 Cast: Foxfire           |    59 |    73 ||   132
       Scorch            |     1 |     4 ||     5
  Use: Scroll            |     4 |       ||     4
Armor: Robe              |     1 |     3 ||     4
Dodge: Dodged            |     5 |    20 ||    25

Table legend: (Time is in decaauts)
 A = Elapsed time spent in this place.
 B = Non-inter-level travel time spent in this place.
 C = Inter-level travel time spent in this place.
 D = Time resting spent in this place.
 E = Time spent auto-exploring this place.
 F = Levels seen in this place.
 G = Mean time per level.
                   A        B        C        D        E       F      G
               +--------+--------+--------+--------+--------+-----+--------+
         Total |   2915 |   2844 |     71 |    240 |   1559 |   3 |  971.7 |
       Dungeon |   2915 |   2844 |     71 |    240 |   1559 |   3 |  971.7 |
               +--------+--------+--------+--------+--------+-----+--------+

Top non-repeatable levels by time:
     D:3: 1444 daAuts
     D:1: 855 daAuts
     D:2: 615 daAuts
